 Dungeon Crawl Stone Soup version 0.21.1-1-g345015f (webtiles) character file.

28 tidbits the Insei (level 3, 7/28 HPs)
             Began as a Gnoll Transmuter on Feb 10, 2018.
             Quit the game on level 4 of the Dungeon.
             The game lasted 00:02:43 (277 turns).

tidbits the Insei (Gnoll Transmuter)                 Turns: 277, Time: 00:02:43

Health: 7/28       AC:  3    Str: 12    XL:     3   Next: 12%
Magic:  9/9        EV: 14    Int: 16    God:
Gold:   48         SH:  0    Dex: 15    Spells: 6/12 levels left

rFire    . . .     SeeInvis .     - Unarmed
rCold    . . .     Gourm    .   (no shield)
rNeg     . . .     Faith    .   B - +0 robe
rPois    .         Spirit   .   E - +0 helmet
rElec    .         Reflect  .   (no cloak)
rCorr    .         Harm     .   (no gloves)
MR       .....                  (boots currently unavailable)
Stlth    ++........             (no amulet)
HPRegen  0.09/turn              (no ring)
MPRegen  0.11/turn              (no ring)

@: lethally poisoned (7 -> -12), appendage
A: distributed training, fangs 1, talons 3, strong nose
a: End Transformation


You were on level 4 of the Dungeon.
You were not hungry.
You had grown temporary talons.
You visited 1 branch of the dungeon, and saw 4 of its levels.

You collected 48 gold pieces.

Inventory:

Hand Weapons
 b - a +0 short sword
 h - a cursed -2 blowgun
 i - a +0 short sword
Missiles
 a - 11 arrows
 j - 11 poisoned needles
Armour
 B - a +0 robe (worn)
 E - a +0 helmet (worn)
Potions
 f - a potion of haste {unknown}
 g - a potion of flight {unknown}
Books
 c - a book of Changes

   Spells                             Type                      Level
   a - Beastly Appendage              Transmutation                1
   b - Sticks to Snakes               Transmutation                2
   c - Spider Form                    Transmutation/Poison         3
   d - Ice Form                       Ice/Transmutation            4
   e - Blade Hands                    Transmutation                5
Comestibles
 d - 3 rations


   Skills:
 + Level 2.5 Fighting
 + Level 0.6 Short Blades
 + Level 0.6 Long Blades
 + Level 0.6 Axes
 + Level 0.6 Maces & Flails
 + Level 0.6 Polearms
 + Level 0.6 Staves
 + Level 0.6 Slings
 + Level 0.6 Bows
 + Level 0.6 Crossbows
 + Level 0.6 Throwing
 + Level 0.6 Armour
 + Level 4.5 Dodging
 + Level 0.6 Stealth
 + Level 0.6 Shields
 + Level 6.5 Unarmed Combat
 + Level 5.0 Spellcasting
 + Level 0.4 Conjurations
 + Level 0.4 Hexes
 + Level 0.4 Charms
 + Level 0.4 Summonings
 + Level 0.4 Necromancy
 + Level 0.4 Translocations
 + Level 3.7 Transmutations
 + Level 0.4 Fire Magic
 + Level 0.4 Ice Magic
 + Level 0.4 Air Magic
 + Level 0.4 Earth Magic
 + Level 0.4 Poison Magic
 + Level 0.8 Invocations
 + Level 0.6 Evocations


You had 6 spell levels left.
You knew the following spells:

 Your Spells              Type           Power        Failure   Level  Hunger
e - Beastly Appendage     Tmut           ###...       3%          1    None
k - Sticks to Snakes      Tmut           ###.....     4%          2    #......
p - Spider Form           Tmut/Pois      ##........   19%         3    ###....


Dungeon Overview and Level Annotations

Branches:
Dungeon (4/15)
 Temple: D:4-7

Altars:
Elyvilon

Shops:
D:4 =


Innate Abilities, Weirdness & Mutations

Your experience applies equally to all skills.
You have very sharp teeth.
Your uncanny sense of smell can sniff out nearby items.
You have claws for feet.


Message History

You kill the adder!
You have reached level 3!
Your experience leads to an increase in your attributes!
Increase (S)trength, (I)ntelligence, or (D)exterity?
You feel clever.
Memorise Spider Form, consuming 3 spell levels and leaving 5?
You start memorising the spell.
You continue memorising. x3
You finish memorising.
Spell assigned to 'p'.
There is a stone staircase leading down here.
Your ball python withers and dies!
You climb downwards.
There is a stone staircase leading up here.
Unknown command.
A dart slug comes into view.
Your transformation is almost over.
Found a stone staircase leading down.
The helpless dart slug fails to defend itself.
You punch the dart slug!
You kill the dart slug!
Your Spellcasting skill increases to level 5!
Your talons disappear.
There is a stone staircase leading down here.
You climb downwards.
You hear the sound of rushing water.
There is an entrance to a sewer on this level.
Hurry and find it before the portal rusts away! 2 orcs, an orc priest and 2 orc wizards come into view.
The orc wizard shouts! x2; You hear a shout! x2; The orc shouts!
There is a stone staircase leading up here.
An orc comes into view. It is wielding a mace of draining.
The orc priest moves out of view.
Found Mufesef's Jewellery Shop.
Found a white marble altar of Elyvilon.
A giant cockroach, 2 orcs and an orc wizard come into view.
The orc wizard is wielding a dagger of venom.
There is a stone staircase leading up here.
Search for what [? for help]? shop Unknown command.
You climb upwards.
There is a stone staircase leading down here.
Unknown command.
A kobold comes into view. It is wielding a short sword.
You found a teleport trap!
Found a ration.
Unknown command.
Casting: Beastly Appendage
Confirm with . or Enter, or press ? or * to list all spells.
Your feet morph into talons.
The kobold shouts!
The kobold unwields an uncursed short sword.
The kobold wields a blowgun.
The kobold shoots a poisoned needle.
The poisoned needle hits you!
You are poisoned.
You feel sick.
Found an escape hatch in the floor.
You feel sick.
You closely miss the kobold. Your kick misses the kobold.
You punch the kobold, but do no damage. The kobold misses you.
You barely miss the kobold. Your kick misses the kobold.
You feel sick.
You miss the kobold. Your kick misses the kobold.
The kobold hits you with a blowgun.
You closely miss the kobold. You claw the kobold.
The kobold is heavily wounded.
The kobold hits you with a blowgun.
You barely miss the kobold.
The kobold is heavily wounded.
You feel sick. The kobold hits you with a blowgun.
You hit the kobold.
You kill the kobold!
Items here: ( )) † a blowgun; an uncursed short sword; 11 poisoned needles; a kobold corpse
h - a blowgun;
i - an uncursed short sword;
j - 11 poisoned needles You feel sick.
You feel sick.
You see here a ration.
d - 3 rations (gained 1)
You feel sick.
There is an escape hatch in the floor here.
You slide downwards.
The hatch slams shut behind you.
You hear the sound of rushing water.
There is an entrance to a sewer on this level.
Hurry and find it before the portal rusts away!
An adder and a zombie come into view.
The orc wizard hits you with a dagger of venom.
You are more poisoned.
The orc priest barely misses you.
The orc wizard hits you with a dagger of venom.
You are lethally poisoned!
Found a viscous brown potion.
Unknown command.
As you read the scroll labeled WISONK YWISHRI, it crumbles to dust.
You hear a loud clanging noise!
It was a scroll of noise.
* * * LOW HITPOINT WARNING * * *
You feel sick.
You hear a shout! x3
The orc barely misses you. The orc wizard closely misses you.
The orc hits you but does no damage.
The orc priest hits you from afar with a trident.
* * * LOW HITPOINT WARNING * * *
The orc wizard closely misses you.
Unknown command.
Are you sure you want to abandon this character and quit the game? (Confirm with "yes".)

........♣..##
...............#
...............#
..........o....#
...............#
...........<...#
.........o.....#
......ooooo...##
#....@#....##
......Zoso####
..#.⌠.⌠.#S#
...........#
..#.....#...#
!...._......#
..#.....# .#
......... ..


You could see an orc priest, 3 orc wizards, an adder, 5 orcs, a hornet zombie
and a giant cockroach.

Vanquished Creatures
  2 adders (D:2)
  A dart slug (D:3)
  A bat (D:2)
  A kobold (D:3)
  A frilled lizard (D:2)
6 creatures vanquished.

Vanquished Creatures (collateral kills)
  A worm (D:2)
1 creature vanquished.

Grand Total: 7 creatures vanquished

Notes
Turn   | Place    | Note
-------+----------+-------------------------------------------
     0 | D:1      | tidbits the Gnoll Transmuter began the quest for the Orb.
     0 | D:1      | Reached XP level 1. HP: 17/17 MP: 6/6
    78 | D:2      | Reached XP level 2. HP: 21/23 MP: 5/7
    82 | D:2      | Learned a level 2 spell: Sticks to Snakes
   219 | D:2      | Reached XP level 3. HP: 28/28 MP: 6/9
   224 | D:2      | Learned a level 3 spell: Spider Form
   235 | D:3      | Reached skill level 5 in Spellcasting
   245 | D:4      | Found Mufesef's Jewellery Shop.
   245 | D:4      | Found a white marble altar of Elyvilon.
   277 | D:4      | Quit the game

Skill      XL: |  1  2  3 |
---------------+----------+-----
Spellcasting   | 5 |  5.0
Fighting       | |  2.5
Short Blades   | |  0.6
Long Blades    | |  0.6
Axes           | |  0.6
Maces & Flails | |  0.6
Polearms       | |  0.6
Staves         | |  0.6
Slings         | |  0.6
Bows           | |  0.6
Crossbows      | |  0.6
Throwing       | |  0.6
Armour         | |  0.6
Dodging        | |  4.5
Stealth        | |  0.6
Shields        | |  0.6
Unarmed Combat | |  6.5
Conjurations   | |  0.4
Hexes          | |  0.4
Charms         | |  0.4
Summonings     | |  0.4
Necromancy     | |  0.4
Translocations | |  0.4
Transmutations | |  3.7
Fire Magic     | |  0.4
Ice Magic      | |  0.4
Air Magic      | |  0.4
Earth Magic    | |  0.4
Poison Magic   | |  0.4
Invocations    | |  0.8
Evocations     | |  0.6

Action                   || total
-------------------------++-------
Melee: Unarmed           ||    20
       Headbutt          ||     1
       Bite              ||     1
       Kick              ||     4
       Punch             ||     2
 Cast: Beastly Appendage ||     5
       Sticks to Snakes  ||     1
  Use: Scroll            ||     1
 Stab: Sleeping          ||     1
Armor: Robe              ||     5
Dodge: Dodged            ||    11

Table legend:
 A = Turns spent in this place as a percentage of turns spent in the entire game.
 B = Non-inter-level travel turns spent in this place as a percentage of non-inter-level travel turns spent in the entire game.
 C = Inter-level travel turns spent in this place as a percentage of turns spent in this place.
 D = Turns resting spent in this place as a percentage of non-inter-level travel turns spent in this place.
 E = Turns spent auto-exploring this place as a percentage of non-inter-level travel turns spent in this place.
 F = Non-inter-level travel turns spent in this place divided by the number of levels of this place that you've seen.
                   A       B       C       D       E      F
               +-------+-------+-------+-------+-------+----------------------
         Total | 100.0 | 100.0 |   0.0 |   0.0 |   0.0 |  69.2
       Dungeon | 100.0 | 100.0 |   0.0 |   0.0 |   0.0 |  69.2
               +-------+-------+-------+-------+-------+----------------------

Table legend:
 A = Kills in this place as a percentage of kills in entire the game.
 B = Kills by you in this place as a percentage of kills by you in the entire game.
 C = Kills by friends in this place as a percentage of kills by friends in the entire game.
 D = Other kills in this place as a percentage of other kills in the entire game.
 E = Experience gained in this place as a percentage of experience gained in the entire game.
 F = Experience gained in this place divided by the number of levels of this place that you have seen.
                   A       B       C       D       E      F
               +-------+-------+-------+-------+-------+----------------------
         Total | 100.0 | 100.0 | 100.0 |   N/A | 100.0 |  10.0
       Dungeon | 100.0 | 100.0 | 100.0 |   N/A | 100.0 |  10.0
               +-------+-------+-------+-------+-------+----------------------

Vault maps used:
D:1:      dpeg_arrival_snail
D:3:      cheibrodos_helix_gallery, lemuel_round_altar, serial_co_window_serial,
          co_window_paths_b, co_window_paths_b, co_window_paths_a,
          co_window_corner_a, co_window_paths_b, co_window_paths_a,
          co_window_paths_c, co_window_corner_cb, co_window_broadway_b,
          co_window_unsneaky_path_c, co_window_corner_cb,
          co_window_unsneaky_path_d, co_window_paths_e, glass_columns_b,
          glass_columns_a, glass_columns_b, first_ration
D:4:      minmay_door_path, elyvilon_altar_5, nicolae_dithmenos_shadow_blocks,
          old_standard_altar, serial_shops, nicolae_shop_trees,
          gup_sewer_entry_glass, roderic_batcave
